 Dungeon Crawl Stone Soup version 0.17.1-3-g152610e (webtiles) character file.

17372 sveltemanboy the Grappler (level 12, -5/96 HPs)
             Began as a Demonspawn Gladiator on Apr 14, 2016.
             Was a High Priest of Okawaru.
             Killed from afar by an oklob plant (14 damage)
             ... with a splash of acid
             ... on level 1 of the Lair of Beasts.
             The game lasted 00:41:16 (16233 turns).

sveltemanboy the Grappler (Demonspawn Gladiator)   Turns: 16233, Time: 00:41:16

Health: -5/96      AC:  0    Str: 21    XL:     12   Next: 18%
Magic:  0/17       EV: 12    Int:  5    God:    Okawaru [*****.]
Gold:   604        SH:  7    Dex: 12    Spells: 0 memorised, 11 levels left

rFire  + . .     SeeInvis .       - Unarmed
rCold  . . .     Clarity  +     v - +1 ring mail {rF+}
rNeg   + . .     SustAt   .     G - +2 buckler {AC+3}
rPois  +         Gourm    .     E - +0 hat {Spirit}
rElec  .         Spirit   +     o - +0 cloak
rCorr  .         Warding  .     (no gloves)
rMut   .         Stasis   .     (no boots)
MR     +....                    q - amulet of clarity
Stlth  +.........               l - ring of positive energy
                                n - ring of poison resistance

@: corroded equipment, somewhat resistant to hostile enchantments, very
unstealthy
A: claws 2, icy blue scales 1, berserk 1, clumsy 1, dopey 2, magic resistance 1,
powered by pain 2, robust 1, evolution 1
a: Heroism, Finesse, Renounce Religion


You were on level 1 of the Lair of Beasts.
You worshipped Okawaru.
Okawaru was extremely pleased with you.
You were not hungry.

You visited 3 branches of the dungeon, and saw 14 of its levels.

You collected 604 gold pieces.

Inventory:

Missiles
 s - 10 tomahawks (quivered)
Armour
 a - a +1 ring mail of cold resistance
 o - a +0 cloak (worn)
 v - a +1 ring mail of fire resistance (worn)
 E - a +0 hat of spirit shield (worn)
 G - a +2 buckler of protection (worn)
Jewellery
 l - a ring of positive energy (right claw)
 n - a ring of poison resistance (left claw)
 q - an amulet of clarity (around neck)
 x - an uncursed amulet of rage
Wands
 d - a wand of digging (14)
 y - a wand of slowing (18)
 B - a wand of paralysis (12)
 D - a wand of paralysis (5)
 F - a wand of draining (0)
 H - a wand of paralysis (2)
 K - a wand of magic darts (26)
Scrolls
 f - 3 scrolls of blinking
 g - a scroll of recharging
 h - 3 scrolls of identify
 i - 2 scrolls of teleportation
 k - 6 scrolls of remove curse
 p - a scroll of enchant weapon
 u - 2 scrolls of enchant armour
 w - 5 scrolls of amnesia
 C - 2 scrolls of fear
Potions
 b - 4 potions of magic
 c - a potion of flight
 r - a potion of haste
 t - a potion of agility
 I - 2 potions of might
Miscellaneous
 J - a sack of spiders {used: 2}
Comestibles
 e - 7 bread rations
 j - 8 slices of pizza
 m - 3 meat rations
 z - 4 beef jerkies
 A - 11 fruits


   Skills:
 - Level 6.0 Fighting
   Level 3.4 Axes
 - Level 1.7 Throwing
 + Level 4.2 Armour
 - Level 3.0 Dodging
 - Level 5.1 Shields
 * Level 14.1 Unarmed Combat
 - Level 7.8 Invocations
 * Level 3.7 Evocations


You had 11 spell levels left.
You didn't know any spells.

Dungeon Overview and Level Annotations

Branches:
Dungeon (12/15)            Temple (1/1) D:5            Lair (1/8) D:8
    Orc (0/4) D:12

Altars:
Ashenzari
Cheibriados
Dithmenos
Elyvilon
Fedhas
Gozag
Kikubaaqudgha
Makhleb
Nemelex Xobeh
Okawaru
Qazlal
Ru
Sif Muna
Trog
Vehumet
Xom
Yredelemnul
Zin
The Shining One

Annotations:
Lair:1 exclusion: oklob plant


Innate Abilities, Weirdness & Mutations

You have very sharp fingernails.
You are partially covered in icy blue scales (AC +1).
You sometimes gain power by taking damage.
You tend to lose your temper in combat.
You are clumsy. (Dex -2)
You are very dopey. (Int -4)
You are resistant to hostile enchantments.
You are robust (+10% HP).
You evolve.


Message History

The bush is almost destroyed.
The oklob plant spits acid at you. The splash of acid hits you!
The acid burns!
* * * LOW HITPOINT WARNING * * *
You scratch the bush but do no damage.
The bush is almost destroyed.
The oklob plant spits acid at you. The splash of acid hits you!
* * * LOW HITPOINT WARNING * * *
The acid corrodes you!
The acid burns!
* * * LOW HITPOINT WARNING * * *
You scratch the bush.
The bush is almost destroyed.
You scratch the bush but do no damage.
The bush is almost destroyed.
You claw the bush!
You destroy the bush!
The oklob plant spits acid at you. The splash of acid hits you!
You die...

..# ##..## ##. .##.
....###....##...
##................P...
#.....................
#.............÷.......
##...........÷<.......
#....PPP..............
#...?PPP(....#........
#....@PP....###....#..
##....)..............#
#...................#
#....................
#..(....#............
#.####...............
#.###................
###.P#.................
#......................


You could see an oklob plant.

Vanquished Creatures
  Azrael (D:12)
  Josephine (D:12)
  Pikel (D:6)
  A griffon (D:12)
  2 ugly things
  2 centaur skeletons
  2 kobold demonologists (D:11)
  A komodo dragon (D:8)
  A spiny frog (Lair:1)
  A troll (D:9)
  3 blink frogs (Lair:1)
  A two-headed ogre (D:4)
  A shadow (D:12)
  Sigmund (D:5)
  A wyvern (D:11)
  A human (D:7)
  4 yaks
  A basilisk (Lair:1)
  2 fire elementals (D:12)
  5 wraiths (D:12)
  3 hippogriffs
  Edmund (D:4)
  2 gnoll shamans
  2 porcupines (Lair:1)
  Duvessa (D:6)
  5 ice beasts
  7 orc warriors
  2 hell hounds (D:12)
  A sky beast (D:12)
  7 phantoms
  2 wasps
  An eye of draining (D:9)
  4 ogres
  A slave (D:6)
  A black bear (D:8)
  5 crocodiles
  5 centaurs
  The ghost of ThereIsNoGod the Skirmisher, an amateur VSFi of Trog (D:3)
  3 big kobolds
  5 giant frogs
  A water moccasin zombie (D:10)
  2 scorpions
  Dowan (D:6)
  13 killer bees
  7 wights
  5 crimson imps
  A giant frog zombie (D:10)
  A quasit (D:10)
  3 centaur zombies
  7 hounds
  9 orc priests
  12 orc wizards
  An iguana (D:11)
  7 worker ants
  3 sheep (D:7)
  2 hound skeletons
  A worker ant zombie (D:10)
  18 adders
  8 gnolls
  A shadow imp (D:7)
  An adder skeleton (D:5)
  7 worms
  47 orcs
  7 bats
  5 giant cockroaches
  9 hobgoblins
  19 kobolds
  8 quokkas
  9 giant geckos
  5 giant newts
  8 goblins
  3 rats
  A bush (Lair:1)
324 creatures vanquished.

Vanquished Creatures (collateral kills)
  Gastronok (Lair:1)
  A blink frog (Lair:1)
  A giant frog (Lair:1)
3 creatures vanquished.

Vanquished Creatures (others)
  2 slaves (D:6)
  A hound skeleton (D:6)
  3 gnolls (D:6)
  A worm (D:6)
  An adder skeleton (D:6)
  A giant gecko (D:6)
  A plant (D:8)
10 creatures vanquished.

Grand Total: 337 creatures vanquished

Notes
Turn   | Place    | Note
--------------------------------------------------------------
     0 | D:1      | sveltemanboy the Demonspawn Gladiator began the quest for the Orb.
     0 | D:1      | Reached XP level 1. HP: 16/16 MP: 1/1
   182 | D:1      | Reached skill level 3 in Axes
   232 | D:1      | Gained mutation: You have sharp fingernails. [demonic ancestry]
   232 | D:1      | Reached XP level 2. HP: 11/22 MP: 2/2
  1046 | D:1      | Reached skill level 1 in Armour
  1106 | D:1      | Gained mutation: You sometimes gain a little power by taking damage. [demonic ancestry]
  1106 | D:1      | Reached XP level 3. HP: 27/27 MP: 3/3
  1829 | D:2      | Reached skill level 1 in Unarmed Combat
  2024 | D:2      | Reached XP level 4. HP: 14/33 MP: 4/4
  2692 | D:3      | Noticed an orc warrior
  2866 | D:3      | Found a glowing silver altar of Zin.
  2907 | D:3      | Killed an orc warrior
  2907 | D:3      | Reached XP level 5. HP: 38/38 MP: 5/5
  2918 | D:3      | Noticed ThereIsNoGod's ghost (amateur VSFi)
  2927 | D:3      | Killed ThereIsNoGod's ghost
  2927 | D:3      | Gained mutation: You sometimes gain power by taking damage. [demonic ancestry]
  2927 | D:3      | Reached XP level 6. HP: 24/44 MP: 6/6
  3209 | D:3      | Reached skill level 4 in Unarmed Combat
  3486 | D:3      | Found a glowing golden altar of the Shining One.
  4011 | D:4      | Noticed a two-headed ogre
  4018 | D:4      | Killed a two-headed ogre
  4018 | D:4      | Reached skill level 5 in Unarmed Combat
  4018 | D:4      | Reached XP level 7. HP: 50/50 MP: 7/7
  4038 | D:4      | Found a shimmering altar of Xom.
  4040 | D:4      | Found a shadowy altar of Dithmenos.
  4040 | D:4      | Found a sparkling altar of Nemelex Xobeh.
  4041 | D:4      | Found an opulent altar of Gozag.
  4113 | D:4      | Found a bloodstained altar of Trog.
  4202 | D:4      | Noticed Edmund
  4227 | D:4      | Killed Edmund
  4425 | D:4      | Reached skill level 6 in Unarmed Combat
  4705 | D:4      | Noticed a hippogriff
  4721 | D:4      | Killed a hippogriff
  4721 | D:4      | Gained mutation: You are partially covered in icy blue scales (AC +1). [demonic ancestry]
  4721 | D:4      | Reached XP level 8. HP: 36/56 MP: 8/8
  5268 | D:5      | Entered Level 5 of the Dungeon
  5276 | D:5      | Noticed Sigmund
  5284 | D:4      | Reached skill level 7 in Unarmed Combat
  5489 | D:5      | Killed Sigmund
  5489 | D:5      | Reached skill level 8 in Unarmed Combat
  5689 | D:5      | Found a radiant altar of Vehumet.
  5746 | D:5      | Found a sparkling altar of Nemelex Xobeh.
  5805 | D:5      | Reached skill level 9 in Unarmed Combat
  6057 | D:5      | Found a sparkling altar of Nemelex Xobeh.
  6122 | D:5      | Found a staircase to the Ecumenical Temple.
  6130 | Temple   | Entered the Ecumenical Temple
  6159 | Temple   | Became a worshipper of Warmaster Okawaru
  6305 | D:6      | Noticed Duvessa
  6311 | D:6      | Noticed Dowan
  6539 | D:6      | Noticed Pikel
  6577 | D:6      | Killed Pikel
  6577 | D:6      | Reached * piety under Okawaru
  6577 | D:6      | Reached XP level 9. HP: 62/62 MP: 8/10
  6734 | D:6      | Killed Dowan
  7229 | D:6      | Killed Duvessa
  7239 | D:6      | Reached skill level 10 in Unarmed Combat
  7579 | D:7      | Noticed a centaur skeleton
  7592 | D:7      | Killed a centaur skeleton
  7592 | D:7      | Reached ** piety under Okawaru
  7760 | D:7      | Found a stormy altar of Qazlal.
  7762 | D:7      | Found a basalt altar of Yredelemnul.
  7762 | D:7      | Found a burning altar of Makhleb.
  8319 | D:7      | Reached skill level 5 in Fighting
  8324 | D:7      | Reached skill level 11 in Unarmed Combat
  8324 | D:7      | Gained mutation: You have very sharp fingernails. [demonic ancestry]
  8324 | D:7      | Reached XP level 10. HP: 58/74 MP: 12/12
  8615 | D:8      | Found a staircase to the Lair.
  8645 | D:8      | Reached *** piety under Okawaru
  9599 | D:9      | Found a blossoming altar of Fedhas.
  9889 | D:9      | Reached skill level 1 in Shields
 10818 | D:9      | Found an opulent altar of Gozag.
 11128 | D:9      | Reached skill level 12 in Unarmed Combat
 11594 | D:10     | Entered Level 10 of the Dungeon
 11615 | D:10     | Reached **** piety under Okawaru
 11629 | D:10     | Found a bloodstained altar of Trog.
 12574 | D:10     | Reached XP level 11. HP: 74/81 MP: 13/13
 12840 | D:11     | Found Pafuu's Antique Weapon Boutique.
 13082 | D:11     | Paralysed by an orc warrior for 4 turns
 13316 | D:11     | Reached ***** piety under Okawaru
 13320 | D:11     | Gained mutation: You are clumsy. (Dex -2) [mutagenic meat]
 13321 | D:11     | Gained mutation: You are dopey. (Int -2) [mutagenic meat]
 13322 | D:11     | Gained mutation: You evolve. [mutagenic meat]
 13323 | D:11     | Gained mutation: You are very dopey. (Int -4) [mutagenic meat]
 13942 | D:11     | Noticed an ice devil
 13948 | D:11     | Reached skill level 13 in Unarmed Combat
 14422 | D:12     | Noticed Josephine
 14430 | D:12     | Killed Josephine
 14430 | D:12     | Reached skill level 5 in Shields
 14495 | D:12     | Reached skill level 5 in Invocations
 14580 | D:12     | Gained mutation: You are resistant to hostile enchantments. [mutagenic meat]
 14581 | D:12     | Gained mutation: You are robust (+10% HP). [mutagenic meat]
 14747 | D:12     | Received a gift from Okawaru
 14898 | D:12     | Found a staircase to the Orcish Mines.
 14935 | D:12     | Noticed Azrael
 14942 | D:12     | Killed Azrael
 15702 | Lair:1   | Entered Level 1 of the Lair of Beasts
 15717 | Lair:1   | Reached skill level 1 in Evocations
 15746 | Lair:1   | Reached XP level 12. HP: 31/96 MP: 17/17
 16108 | Lair:1   | Noticed Gastronok
 16135 | Lair:1   | Killed Gastronok
 16135 | Lair:1   | Reached skill level 14 in Unarmed Combat
 16199 | Lair:1   | Gained mutation: You tend to lose your temper in combat. [evolution]
 16233 | Lair:1   | Killed from afar by an oklob plant

Action                   |  1- 3 |  4- 6 |  7- 9 | 10-12 || total
-------------------------+-------+-------+-------+-------++-------
Melee: War axe           |   130 |    14 |       |       ||   144
       Unarmed           |       |   150 |   389 |   659 ||  1198
Throw: Throwing net      |    10 |    16 |     2 |       ||    28
       Tomahawk          |       |       |     6 |    64 ||    70
Invok: Heroism           |       |       |       |     1 ||     1
Evoke: Wand              |       |       |       |    12 ||    12
       Sack of spiders   |       |       |       |     2 ||     2
  Use: Potion            |       |     3 |     3 |     9 ||    15
       Scroll            |       |       |    13 |     2 ||    15
 Stab: Held in net/web   |     3 |    10 |     2 |       ||    15
       Paralysed         |       |       |       |     3 ||     3
  Eat: Chunk             |     3 |     7 |    15 |    22 ||    47
       Fruit             |       |       |       |     2 ||     2
       Royal jelly       |       |       |       |     3 ||     3
       Beef jerky        |       |       |       |     1 ||     1
